 Dungeon Crawl Stone Soup version 0.19.1 (console) character file.

120 Morrissey the Slasher (level 4, 0/37 HPs)
             Began as a Demonspawn Berserker on Dec 23, 2016.
             Was a Believer of Trog.
             Slain by an adder (5 damage)
             ... on level 3 of the Dungeon.
             The game lasted 00:02:57 (1504 turns).

Morrissey the Slasher (Demonspawn Berserker)        Turns: 1504, Time: 00:02:58

Health: 0/37       AC:  2    Str: 18    XL:     4   Next: 75%
Magic:  4/4        EV: 12    Int:  9    God:    Trog [**....]
Gold:   71         SH:  6    Dex: 12    Spells: 0 memorised, 3 levels left

rFire  . . .     SeeInvis .     a - +0 falchion
rCold  . . .     Gourm    .     b - +0 animal skin
rNeg   . . .     Faith    .     (no shield)
rPois  .         Spirit   .     (helmet restricted)
rElec  .         Reflect  .     (no cloak)
rCorr  .         Harm     .     (no gloves)
MR     .....                    (no boots)
Stlth  +.........               (no amulet)
                                (no ring)
                                (no ring)

@: lethally poisoned (0 -> -6)
A: antennae 1, large bone plates 2
a: Berserk, Trog's Hand, Burn Spellbooks, Renounce Religion


You were on level 3 of the Dungeon.
You worshipped Trog.
Trog was pleased with you.
You were not hungry.

You visited 1 branch of the dungeon, and saw 3 of its levels.

You collected 71 gold pieces.

Inventory:

Hand Weapons
 a - a +0 falchion (weapon)
Armour
 b - a +0 animal skin (worn)
 i - a +1 helmet
Scrolls
 f - a scroll of recharging {unknown}
 g - a scroll of fear {unknown}
 h - 2 scrolls of identify {unknown}
Potions
 e - a potion of haste
 j - 4 potions of curing {unknown}
Comestibles
 c - 2 bread rations
 d - 12 chunks of flesh


   Skills:
 + Level 3.9 Fighting
 * Level 4.4 Long Blades
 - Level 1.7 Armour
 - Level 1.7 Dodging


You had 3 spell levels left.
You didn't know any spells.

Dungeon Overview and Level Annotations

Branches:
Dungeon (3/15)

Altars:
Ashenzari


Innate Abilities, Weirdness & Mutations

You have a pair of small antennae on your head.
You are mostly covered in large bone plates. (SH +6)


Message History

You feel sick. The adder closely misses you.
You miss the adder.
The adder is heavily wounded.
You block the adder's attack.
You completely miss the adder.
The adder is heavily wounded.
The adder bites you.
* * * LOW HITPOINT WARNING * * *
You are more poisoned.
The adder poisons you! The adder bites you.
* * * LOW HITPOINT WARNING * * *
You miss the adder.
The adder is heavily wounded.
You feel sick. The adder bites you.
* * * LOW HITPOINT WARNING * * *
You hit the adder.
The adder is heavily wounded.
* * * LOW HITPOINT WARNING * * *
You feel sick. The adder bites you.
You die...

....... ....... ......$
....... .......
################ .......
#..............>
......S##.####..........
.......@................
..............###.......
..............# #####.##
.).###........# #.## ##
#........# ###...
########## #..... #.....
#..... .......


You could see an adder.

Vanquished Creatures
  Robin (D:2)
  4 gnolls (D:3)
  2 adders
  3 dart slugs
  A leopard gecko (D:1)
  2 orcs (D:3)
  A ball python (D:1)
  A giant cockroach (D:1)
  11 goblins
  3 hobgoblins
  6 bats
  A frilled lizard (D:2)
  7 kobolds
  5 rats
48 creatures vanquished.

Notes
Turn   | Place    | Note
-------+----------+-------------------------------------------
     0 | D:1      | Morrissey the Demonspawn Berserker began the quest for the Orb.
     0 | D:1      | Reached XP level 1. HP: 18/18 MP: 1/1
    99 | D:1      | Reached skill level 3 in Long Blades
   208 | D:1      | Gained mutation: You are partially covered in large bone plates. (SH +4) [demonic ancestry]
   208 | D:1      | Reached XP level 2. HP: 22/24 MP: 2/2
   305 | D:1      | Found a shattered altar of Ashenzari.
   635 | D:2      | Noticed Robin
   642 | D:2      | Reached ** piety under Trog
   644 | D:2      | Gained mutation: You are mostly covered in large bone plates. (SH +6) [demonic ancestry]
   644 | D:2      | Reached XP level 3. HP: 25/29 MP: 3/3
   667 | D:2      | Killed Robin
  1189 | D:3      | Reached skill level 4 in Long Blades
  1301 | D:3      | Gained mutation: You have a pair of small antennae on your head. [demonic ancestry]
  1301 | D:3      | Reached XP level 4. HP: 34/36 MP: 4/4
  1504 | D:3      | Slain by an adder

Skill      XL: |  1  2  3 |
---------------+----------+-----
Long Blades    | 3 4 |  4.4
Fighting       | |  3.9
Armour         | |  1.7
Dodging        | |  1.7

Action                   |  1- 3 |  4- 6 || total
-------------------------+-------+-------++-------
Melee: Falchion          |   108 |    56 ||   164
Invok: Berserk           |     2 |     1 ||     3
       Burn Spellbooks   |       |     2 ||     2
       Trog's Hand       |       |     1 ||     1
  Use: Potion            |     2 |       ||     2
 Stab: Sleeping          |     1 |       ||     1
  Eat: Bread ration      |     1 |       ||     1
       Chunk             |       |     1 ||     1
Armor: Animal skin       |    13 |    12 ||    25
Dodge: Dodged            |    63 |    18 ||    81
Block: Other             |    11 |    15 ||    26
       Rpst.: Falchion   |    16 |     6 ||    22
